 Dungeon Crawl Stone Soup version 0.31-a0-210-gccc998df9b (webtiles) character file.

Game seed: 7001601219993269793

400 qw the Chopper (level 6, -5/39 HPs)
             Began as a Gargoyle Fighter on June 29, 2023.
             Slain by a black bear (10 damage)
             ... on level 4 of the Dungeon.
             The game lasted 00:02:14 (3494 turns).

qw the Chopper (Gargoyle Fighter)                   Turns: 3494, Time: 00:02:15

Health: -5/39      AC: 18    Str: 22    XL:     6   Next: 84%
Magic:  6/6        EV:  8    Int:  8    God:
Gold:   274        SH:  4    Dex:  9    Spells: 5/5 levels left

rFire   . . .        Y - +0 war axe (chaos)
rCold   + . .        c - +0 buckler
rNeg    + . .        m - +1 chain mail {Will+}
rPois   inf          (no helmet)
rElec   +            (no cloak)
rCorr   .            (no gloves)
SInv    .            (no boots)
Will    +....        (no amulet) Stlth
                     j - +4 ring of protection
HPRegen 0.26/turn    n - ring of protection from cold
MPRegen 0.10/turn

%: no passive effects
@: no status effects
A: sickness immunity, AC +4, negative energy resistance 1, electricity
resistance, torment resistance 1, petrification resistance
a: no special abilities


You were on level 4 of the Dungeon.
You visited 1 branch of the dungeon, and saw 5 of its levels.

You collected 274 gold pieces.


Innate Abilities, Weirdness & Mutations

You are immune to sickness and miasma.
Your stone body is resilient. (AC +4)
You are immune to poison.
You resist negative energy. (rN+)
You are resistant to electric shocks. (rElec)
You are resistant to unholy torment.
You are immune to petrification.


   Skills:
 - Level 4.4 Fighting
 + Level 5.9 Axes
 - Level 3.2 Armour
 - Level 3.2 Shields


You had 5 spell levels left.
You didn't know any spells.
Your spell library was empty.

Inventory:

Hand Weapons
 b - a +0 hand axe
 l - a +2 vampiric whip
 p - a +0 mace
 Y - a +0 war axe of chaos (weapon)
Armour
 c - a +0 buckler (worn)
 m - a +1 chain mail of willpower (worn)
Jewellery
 j - a +4 ring of protection (left hand)
 n - a ring of protection from cold (right hand)
Scrolls
 a - a scroll of identify
Potions
 d - a potion of might
 e - a potion of curing {unknown}
 f - a potion of lignification
 g - a potion of magic
 h - 2 potions of resistance
 i - a potion of berserk rage {unknown}
 k - a potion of mutation {unknown}
 o - a potion of heal wounds {unknown}
 q - a potion of brilliance {unknown}

Dungeon Overview and Level Annotations

Branches:
Dungeon (5/15)
 Temple: D:4-7

Altars:
Cheibriados
Fedhas
Gozag
Hepliaklqana
Zin

Annotations:
D:4 3 runed translucent doors, qw's ghost, amateur DEHu


Message History

You barely miss the black bear.
The black bear is lightly wounded.
The black bear bites you. The black bear claws you.
You block the black bear's attack.
You closely miss the black bear.
The black bear is lightly wounded.
The black bear bites you. The black bear claws you.
The black bear claws you but does no damage.
You slash the black bear!
The black bear seems to grow stronger.
The black bear is heavily wounded.
The black bear bites you but does no damage.
You block the black bear's attack. The black bear barely misses you.
You hit the black bear. You freeze the black bear.
The black bear is severely wounded.
The black bear bites you but does no damage.
The black bear claws you.
The black bear claws you but does no damage.
The black bear bites you but does no damage.
The black bear claws you but does no damage. x2
You barely miss the black bear.
The black bear is severely wounded.
The black bear bites you. The black bear barely misses you.
The black bear claws you.
You hit the black bear.
The black bear seems to speed up.
The black bear is severely wounded.
The black bear bites you but does no damage.
You block the black bear's attack.
The black bear claws you but does no damage.
The black bear barely misses you. x2
The black bear claws you but does no damage.
You hit the black bear.
The black bear goes berserk!
The black bear is almost dead.
The black bear bites you but does no damage.
The black bear barely misses you. The black bear claws you.
The black bear bites you but does no damage.
The black bear claws you but does no damage. x2
You hit the black bear.
The black bear is almost dead.
The black bear bites you!
You die...

.......................#
.......................#
?................).....#
...##..##+++##.##[[.#######
...##.##$..oW####...####..##
...##.#\.._.o.###..........#
......#8..8..8##...........#
......#.$.$...##h).........#
......##.8\8.##'@..........#
...###.#######.#######.########
...###...###...##...##.##.##..##
...............................#
..............)................#
...............................#
...............................#
##..##...##....##....###########
##..#############....##


You could see a black bear (berserk, fast, strong).

Vanquished Creatures
  A black bear (D:4)
  2 phantoms (D:4)
  2 orc wizards
  4 adders
  2 worms (D:4)
  3 dart slugs
  7 orcs
  2 ball pythons
  4 endoplasms
  2 giant cockroaches
  4 goblins
  7 hobgoblins
  6 kobolds
  A quokka (D:1)
  5 bats
  5 frilled lizards
  12 rats
69 creatures vanquished.

Notes
Turn   | Place    | Note
-------+----------+-------------------------------------------
     0 | D:1      | qw the Gargoyle Fighter began the quest for the Orb.
     0 | D:1      | Reached XP level 1. HP: 14/14 MP: 1/1
     0 | D:1      | 0 ||| qw: Version: 0.3-a-24-ga2abf7b
     0 | D:1      | 0 ||| qw: Game counter: 6808
     0 | D:1      | 0 ||| qw: Melee chars always use a shield: true
     0 | D:1      | 0 ||| qw: God list: Okawaru
     0 | D:1      | 0 ||| qw: Allow faded altars: false
     0 | D:1      | 0 ||| qw: Do Orc after clearing Dungeon:15 true
     0 | D:1      | 0 ||| qw: Do second Lair branch before Depths: true
     0 | D:1      | 0 ||| qw: Lair rune preference: random
     0 | D:1      | 0 ||| qw: Goals: Normal, Zot:1-4, Slime:5, God:TSO, Crypt,
                  | Tomb, Abyss, Pan, Hells, Win
     0 | D:1      | 0 ||| PLANNING D:1-11
     9 | D:1      | 9 ||| Stepping ~*~*~tactically~*~*~ (hiding).
    16 | D:1      | Reached skill level 2 in Axes
   151 | D:1      | Reached XP level 2. HP: 17/19 MP: 2/2
   311 | D:1      | 311 ||| DROPPING +0 club.
   328 | D:1      | 328 ||| DROPPING +0 whip.
   630 | D:1      | Reached skill level 3 in Axes
   681 | D:1      | 681 ||| UPGRADING to +4 ring of protection.
   682 | D:1      | 682 ||| READING 2 scrolls labelled QUIQYAC VERHAX.
   683 | D:1      | 683 ||| READING scroll labelled DUC XORGHAU.
   684 | D:1      | 684 ||| READING scroll labelled JIUHAH QO APP.
   685 | D:1      | 685 ||| READING scroll labelled AWNUFE FOMAE.
   686 | D:1      | 686 ||| READING scroll labelled JOTEDO OL GUFAABB.
   724 | D:2      | Reached XP level 3. HP: 23/23 MP: 3/3
   830 | D:2      | Found a hazy altar of Hepliaklqana.
  1346 | D:2      | 1346 ||| DROPPING +2 whip of electrocution.
  1624 | D:2      | 1624 ||| UPGRADING to +0 chain mail.
  1634 | D:2      | 1634 ||| DROPPING +0 scale mail.
  1635 | D:2      | 1635 ||| DROPPING ring of wizardry.
  1636 | D:2      | 1636 ||| READING scroll labelled XOODUG FEUGGO.
  1637 | D:2      | 1637 ||| READING scroll labelled USELUE JIDA.
  1640 | D:2      | 1640 ||| READING scroll labelled MUILEZ WENIC.
  1641 | D:2      | 1641 ||| READING 2 scrolls of identify.
  1641 | D:2      | 1641 ||| IDENTIFYING dark potion
  1768 | D:3      | Reached XP level 4. HP: 28/28 MP: 4/4
  1812 | D:3      | Found a blossoming altar of Fedhas.
  1873 | D:3      | Found a snail-covered altar of Cheibriados.
  1888 | D:3      | 1888 ||| READING scroll labelled ZEGOUNUELA.
  1923 | D:3      | Reached skill level 4 in Axes
  2189 | D:3      | Found a glowing silver altar of Zin.
  2266 | D:3      | 2266 ||| Stepping ~*~*~tactically~*~*~ (hiding).
  2389 | D:3      | 2389 ||| Stepping ~*~*~tactically~*~*~ (stealth).
  2471 | D:3      | 2471 ||| UPGRADING to +1 chain mail of willpower.
  2481 | D:3      | 2481 ||| DROPPING +0 chain mail.
  2482 | D:3      | 2482 ||| UPGRADING to ring of protection from cold.
  2483 | D:3      | 2483 ||| READING 2 scrolls labelled FOEMMUH UZETTO.
  2484 | D:3      | 2484 ||| READING 3 scrolls of identify.
  2484 | D:3      | 2484 ||| IDENTIFYING viscous golden potion
  2485 | D:3      | 2485 ||| READING 2 scrolls of identify.
  2485 | D:3      | 2485 ||| IDENTIFYING brown potion
  2486 | D:3      | 2486 ||| DROPPING scroll of butterflies.
  2517 | D:4      | Noticed a black bear
  2523 | D:4      | Killed a black bear
  2524 | D:4      | Reached skill level 5 in Axes
  2524 | D:4      | Reached XP level 5. HP: 32/32 MP: 5/5
  2675 | D:4      | Noticed a phantom
  2687 | D:4      | Killed a phantom
  2688 | D:4      | Reached XP level 6. HP: 37/39 MP: 6/6
  2898 | D:4      | Found a runed translucent gate.
  2899 | D:4      | Found a runed translucent gate.
  2899 | D:4      | Found an opulent altar of Gozag.
  2900 | D:4      | Found a runed translucent gate.
  3009 | D:4      | 3009 ||| Stepping ~*~*~tactically~*~*~ (stealth).
  3060 | D:4      | Noticed qw's ghost (amateur DEHu)
  3461 | D:4      | 3461 ||| Stepping randomly (stuck).
  3477 | D:5      | Entered Level 5 of the Dungeon
  3477 | D:5      | Noticed a black bear
  3484 | D:5      | 3484 ||| STAIRDANCE
  3491 | D:4      | HP: 9/39 [black bear (4)]
  3493 | D:4      | HP: 4/39 [black bear (5)]
  3494 | D:4      | Slain by a black bear

Levels and vault maps discovered:
D:1:      reono_arrival_mine, layout_basic, reono_crystal_passage
D:2:      layout_basic, basic_altar
D:3:      layout_loops_cross, fedhas_altar_3, amcnicky_altar_gilded,
          mainiacjoe_overflow_chevrons, grunt_ministairs_7
D:4:      layout_gridville, ebering_ghost_gozag
D:5:      layout_basic, serial_shops, shop

Skill      XL: |  1  2  3  4  5 |
---------------+----------------+-----
Axes           | 2 3 5 |  5.9
Fighting       | 4 |  4.4
Armour         | |  3.2
Shields        | |  3.2

Action                     |  1- 3 |  4- 6 || total
---------------------------+-------+-------++-------
  Melee: War axe           |   115 |   103 ||   218
    Use: Scroll            |     9 |     4 ||    13
 Armour: Scale mail        |    45 |       ||    45
         Chain mail        |     7 |    89 ||    96
  Dodge: Dodged            |    49 |    39 ||    88
  Block: Buckler           |    17 |    25 ||    42

Table legend:
 A = Non-vault XP
 B = Vault XP
 C = Vault XP percentage of total XP
 D = Non-vault monster count
 E = Vault monster count
 F = Vault count percentage of total count
                 A         B        C        D         E       F
            +---------+---------+-------+---------+---------+-------
      Total |     570 |       2 |   0.3 |      67 |       2 |   2.9
            +---------+---------+-------+---------+---------+-------
        D:1 |      33 |       0 |   0.0 |      22 |       0 |   0.0
        D:2 |      36 |       0 |   0.0 |      15 |       0 |   0.0
        D:3 |      73 |       2 |   2.7 |      15 |       2 |  11.8
        D:4 |     428 |       0 |   0.0 |      15 |       0 |   0.0
            +---------+---------+-------+---------+---------+-------
